 Dungeon Crawl Stone Soup version 0.14.0-26-g1682e81 (webtiles) character file.

187 Leibowitz the Skirmisher (level 5, -3/33 HPs)
             Began as a Kobold Fighter on Apr 27, 2014.
             Slain by a centaur (8 damage)
             ... on Level 5 of the Dungeon.
             The game lasted 00:19:08 (4811 turns).

Leibowitz the Skirmisher (Kobold Fighter)           Turns: 4811, Time: 00:19:08

HP  -3/33        AC  5     Str 21      XL: 5   Next: 58%
MP   5/5         EV 15     Int  4      God:
Gold 37          SH 13     Dex 18      Spells:  0 memorised,  4 levels left

rFire  . . .     SeeInvis .     a - +0,+1 cutlass
rCold  . . .     Clarity  .     z - +2 robe "Pliop" {rElec MR+ Dex+3}
rNeg   . . .     Conserve .     c - +0 buckler
rPois  .         rCorr    .     (no helmet)
rElec  +         rRot     .     (no cloak)
SustAb . .       Spirit   .     m - +0 pair of gloves
rMut   .         Warding  .     (no boots)
Saprov + + .     Stasis   .     (no amulet)
MR     +....                    (no ring)
                                A - cursed -2 ring of intelligence

@: mighty, somewhat resistant to hostile enchantments, stealthy
A: disease resistance, carnivore 3, saprovore 2
a: no special abilities


You were on level 5 of the Dungeon.
You were very full.

You visited 2 branches of the dungeon, and saw 7 of its levels.

You collected 218 gold pieces.
You spent 181 gold pieces at shops.

Inventory:

Hand weapons
 a - a +0,+1 cutlass (weapon)
Missiles
 g - 2 darts of flame (quivered)
 n - 19 stones
Armour
 c - a +0 buckler (worn)
 m - a +0 pair of gloves (worn)
 z - the +2 robe "Pliop" (worn) {rElec MR+ Dex+3}
   (You bought it in a shop on level 4 of the Dungeon)

   It affects your dexterity (+3).
   It insulates you from electricity.
   It affects your resistance to hostile enchantments.
Magical devices
 x - a wand of disintegration (9)
Comestibles
 d - 4 meat rations
Scrolls
 b - 2 scrolls of teleportation
 f - 6 scrolls of identify
 i - a scroll of magic mapping {unknown}
 p - a scroll of remove curse
 q - 2 scrolls of recharging {unknown}
 s - 2 scrolls of enchant armour {unknown}
 w - 5 scrolls of noise {unknown}
 y - a scroll of enchant weapon I {unknown}
 B - a scroll of fear {unknown}
Jewellery
 r - an uncursed ring of teleportation
 A - a cursed -2 ring of intelligence (left hand)
Potions
 h - a potion of heal wounds {unknown}
 j - a potion of beneficial mutation {unknown}
 k - a potion of restore abilities {unknown}
 l - a potion of mutation {unknown}
 o - a potion of curing {unknown}
 t - a potion of cure mutation {unknown}
 u - a potion of resistance {unknown}
 v - a potion of confusion {unknown}
 C - a potion of magic {unknown}
Books
 D - a book of Changes

   Spells                             Type                      Level
   Beastly Appendage                  Transmutation                1
   Sticks to Snakes                   Transmutation                2
   Spider Form                        Transmutation/Poison         3
   Ice Form                           Ice/Transmutation            4
   Blade Hands                        Transmutation                5


   Skills:
 * Level 4.0 Fighting
 + Level 3.2 Short Blades
 + Level 2.7 Armour
 * Level 2.7 Dodging
 * Level 2.2 Stealth
 * Level 3.2 Shields


You had 4 spell levels left.
You didn't know any spells.

Dungeon Overview and Level Annotations

Branches:
Dungeon (6/15)             Temple (1/1) D:4

Altars:
Cheibriados
Dithmenos
Elyvilon
Fedhas
Kikubaaqudgha
Makhleb
Nemelex Xobeh
Okawaru
Sif Muna
Vehumet
Xom
Yredelemnul
Zin
The Shining One

Shops:
D:4 [([[[

Annotations:
D:3 Sigmund
D:4 Grinder, Menkaure


Innate Abilities, Weirdness & Mutations

You recuperate from illness quickly.
You are small and have problems with some larger weapons.
You are carnivorous and can eat meat at any time.
You can eat rotten meat.


Message History

The centaur unwields an uncursed bow.
You block the centaur's attack.
You hit the centaur.
The centaur is lightly wounded.
You block the centaur's attack. The centaur misses you.
Drink which item? (? for menu, Esc to quit)
You feel very mighty all of a sudden. The centaur misses you.
You completely miss the centaur.
The centaur is lightly wounded.
The centaur misses you. The centaur hits you.
* * * LOW HITPOINT WARNING * * *
You completely miss the centaur.
The centaur is lightly wounded.
You block the centaur's attack.
Drink which item? (? for menu, Esc to quit)
Okay, then.
You barely miss the centaur.
The centaur is lightly wounded.
The centaur hits you!
You die...

### #.##.# #..
#.##.# #.# ###.##.#
.... ##...##)#
#.##.##....<#(#
#.##.#........#
#.##..........#
#c##.........##
#@##..#.....##
#(##..##>..##
#######%##..##...##
........((.........#
#.....###...##....#
...... #...###.#.#
#.#.#.###.......#.#
...........#####.#
.#.#.####..#


You could see a centaur.

Vanquished Creatures
  4 adders
  3 worms
  A giant gecko (D:2)
  An ooze (D:2)
  5 orcs (D:3)
  2 ball pythons (D:2)
  10 bats
  2 giant cockroaches
  15 hobgoblins
  7 jackals
  A quokka (D:2)
  A giant cockroach zombie (D:5)
  A giant gecko skeleton (D:4)
  6 giant newts
  10 goblins
  A hobgoblin skeleton (D:5)
  12 kobolds
  5 rats
87 creatures vanquished.

Notes
Turn   | Place    | Note
--------------------------------------------------------------
     0 | D:1      | Leibowitz, the Kobold Fighter, began the quest for the Orb.
     0 | D:1      | Reached XP level 1. HP: 14/14 MP: 1/1
    71 | D:1      | Reached XP level 2. HP: 10/19 MP: 2/2
    74 | D:1      | Reached skill level 1 in Stealth
   594 | D:1      | Reached XP level 3. HP: 18/23 MP: 3/3
  1490 | D:2      | Reached XP level 4. HP: 23/28 MP: 4/4
  1491 | D:2      | Reached skill level 1 in Dodging
  2549 | D:3      | Reached XP level 5. HP: 29/33 MP: 5/5
  2619 | D:3      | Noticed Sigmund
  3761 | D:4      | Found Plasear's Weapon Shop.
  3765 | D:4      | Found Afeh's Armour Shop.
  3880 | D:4      | Found a staircase to the Ecumenical Temple.
  3889 | Temple   | Entered the Ecumenical Temple
  3990 | D:4      | Found Smoigual's Antique Armour Shop.
  3995 | D:4      | Noticed Grinder
  4058 | D:4      | Paralysed by Grinder for 3 turns
  4140 | D:4      | Found Wobbydd's Armour Boutique.
  4206 | D:4      | Found a white marble altar of Elyvilon.
  4209 | D:4      | Bought a glowing robe for 22 gold pieces
  4329 | D:4      | Noticed Menkaure
  4449 | D:4      | Found a basalt altar of Yredelemnul.
  4524 | D:4      | Found Plog's Antique Armour Shoppe.
  4539 | D:4      | Bought a creamy pearl robe for 159 gold pieces
  4545 | D:4      | Identified the +2 robe "Pliop" {rElec MR+ Dex+3} (You bought it in a shop on level 4 of the Dungeon)
  4616 | D:5      | Entered Level 5 of the Dungeon
  4661 | D:5      | Reached skill level 4 in Fighting
  4801 | D:5      | Noticed a centaur
  4811 | D:5      | Slain by a centaur

Action                   |  1- 3 |  4- 6 || total
-------------------------+-------+-------++-------
Melee: Cutlass           |   121 |   268 ||   389
Evoke: Wand              |       |     1 ||     1
  Use: Scroll            |     1 |     6 ||     7
       Potion            |       |     1 ||     1
 Stab: Sleeping          |     1 |     4 ||     5
